 Seeded DCSS version 0.29-a0-231-g945431f764 (webtiles) character file.

Game seed: 684492102606385270 (custom seed)

12609 mcwallace the Protected (level 12, -13/87 (96) HPs)
             Began as a Formicid Fighter on Mar 1, 2022.
             Was an Initiate of Gozag.
             Killed from afar by a green death (16 damage)
             ... with a bolt of poison
             ... on level 2 of the Abyss.
             The game lasted 00:30:38 (12255 turns).

mcwallace the Protected (Formicid Fighter)         Turns: 12255, Time: 00:30:39

HP:   -13/87 (96)   AC: 18    Str: 21    XL:     12   Next: 22%
MP:   28/28         EV: 14    Int:  9    God:    Gozag
Gold: 1385          SH:  5    Dex: 14    Spells: 20/20 levels left

rFire   . . .      SeeInvis +   w - +10 dark maul {vorpal}
rCold   . . .      Faith    .   c - +0 buckler
rNeg    . . .      Spirit   .   E - +2 acid dragon scales
rPois   .          Reflect  .   (helmet unavailable)
rElec   .          Harm     .   x - +1 cloak
rCorr   +          Rampage  .   G - +2 pair of gloves
Will    +....                   s - +1 pair of boots
Stlth   +.........              X - amulet of magic regeneration {@e2}
HPRegen 0.24/turn               F - ring of magical power
MPRegen 0.61/turn               (no ring)

@: lethally poisoned (-13 -> -31), drained, invisible
A: permanent stasis, dig shafts and tunnels, antennae 3, four strong arms
a: Dig, Shaft Self, Renounce Religion, Potion Petition, Call Merchant, Bribe
Branch


You were on level 2 of the Abyss.
You worshipped Gozag.
Gozag was most pleased with you.
You visited 2 branches of the dungeon, and saw 11 of its levels.
You visited the Abyss 1 time.
You also visited: Ossuary.

You collected 1439 gold pieces.
You paid 54 gold pieces to Gozag.


Innate Abilities, Weirdness & Mutations

You cannot be hasted, slowed, berserked, paralysed or teleported.
You can dig through walls and to a lower floor.
You have a pair of large antennae on your head. (SInv)
Your four strong arms can wield two-handed weapons with a shield.


   Skills:
 + Level 9.4 Fighting
 + Level 8.3 Maces & Flails
 + Level 3.1 Throwing
 + Level 9.4 Armour
 + Level 7.2 Dodging
 - Level 4.0 Shields
 - Level 4.6 Spellcasting
 + Level 8.6 Evocations


You had 20 spell levels left.
You didn't know any spells.
Your spell library contained the following spells:

 Spells                   Type           Power      Damage    Failure   Level
 Ensorcelled Hibernation  Hex/Ice        4%         N/A       52%         2
 Passwall                 Tmut/Erth      1%         N/A       52%         2
 Scorch                   Fire           4%         2d5       52%         2
 Dazzling Flash           Conj/Hex       4%         N/A       75%         3
 Gell's Gravitas          Tloc           2%         N/A       75%         3
 Teleport Other           Tloc           2%         N/A       75%         3
 Flame Wave               Conj/Fire      2%         2d4       98%         4
 Agony                    Necr           2%         N/A       100%        5
 Silence                  Hex/Air        1%         N/A       100%        5
 Dispersal                Tloc           1%         N/A       100%        6
 Summon Cactus Giant      Summ           1%         N/A       100%        6
 Swiftness                Air            Unusable   N/A       N/A         3

Inventory:

Hand Weapons
 a - a +0 flail {mace}
 t - a +2 antimagic dagger {short}
   (You took it off Jessica on level 2 of the Dungeon)
 w - the +10 dark maul (weapon) {vorpal}
   (You took it off a two-headed ogre on level 10 of the Dungeon)

   It inflicts extra damage upon your enemies.
 J - a +2 dagger of protection {short}
   (You took it off a goblin on level 3 of the Dungeon)
 L - the +7 mace "Hydrabane" {distort, Dex+2, mace}
   (You found it on level 3 of the Dungeon)

   It warps and distorts space around it, and may blink, banish, or inflict
   extra damage upon those it strikes.
   Unwielding it can cause banishment or high damage.
   Dex:       It affects your dexterity (+2).
 N - a +2 spear of venom {polearm}
   (You took it off a kobold brigand on level 10 of the Dungeon)
Missiles
 f - 6 boomerangs {throwing}
 z - 4 atropa-tipped darts {throwing}
 R - 30 poisoned darts {throwing}
Armour
 c - a +0 buckler (worn)
 s - a +1 pair of boots (worn)
   (You found it on level 2 of the Dungeon)
 x - a +1 cloak (worn)
   (You found it on level 5 of the Dungeon)
 y - the +0 cloak of the Skies Above {+Blink MP-9 Int+9 SInv}
   (You found it on level 6 of the Dungeon)

   Int:       It affects your intelligence (+9).
   MP:        It affects your magic capacity (-9).
   SInv:      It lets you see invisible.
   +Blink:    It lets you blink.
 E - +2 acid dragon scales (worn)
   (You took it off Maggie on level 7 of the Dungeon)
 G - a +2 pair of gloves (worn)
   (You found it on level 8 of the Dungeon)
Jewellery
 F - a ring of magical power (left hand)
   (You found it on level 7 of the Dungeon)
 X - an amulet of magic regeneration (around neck) {@e2}
   (You found it on level 9 of the Dungeon)
Wands
 k - a wand of acid (10) (quivered)
   (You found it on level 6 of the Dungeon)
 C - a wand of paralysis (1)
   (You found it on level 3 of the Dungeon)
 I - a wand of flame (22)
   (You took it off Robin on level 3 of the Dungeon)
 K - a wand of mindburst (18)
   (You took it off an orc on level 8 of the Dungeon)
Scrolls
 b - a scroll of blinking {unknown}
 e - a scroll of holy word {unknown}
 h - 6 scrolls of teleportation {@r4}
 i - 8 scrolls of fear
 l - 2 scrolls of enchant weapon {unknown}
 n - 4 scrolls of vulnerability {!r!r}
 o - a scroll of acquirement {unknown}
 p - a scroll of summoning {unknown}
 r - 2 scrolls of magic mapping {!r}
 v - a scroll of amnesia {unknown}
 D - 2 scrolls of fog
 H - 2 scrolls of immolation {!r!r}
 Q - a scroll of torment {unknown}
 Z - 2 scrolls of noise {!r}
Potions
 d - 2 potions of might
 g - 3 potions of mutation {!q}
 m - 3 potions of haste {@q3}
 q - a potion of resistance {unknown}
 u - 2 potions of berserk rage {unknown}
 A - 4 potions of curing {@q1}
 B - a potion of degeneration {unknown}
 O - 3 potions of lignification {unknown}
 P - 3 potions of heal wounds {@q2}
 S - 3 potions of brilliance {unknown}
 U - a potion of invisibility
 V - 2 potions of attraction {unknown}
 Y - 2 potions of flight
Miscellaneous
 j - a lightning rod (4/4)
   (You found it on level 10 of the Dungeon)

Dungeon Overview and Level Annotations

Branches:
Dungeon (10/15)            Temple (1/1) D:4         Ossuary (visited)
   Lair: D:8-11         Orc: D:9-12

Altars:
Ashenzari
Cheibriados
Elyvilon
Fedhas
Gozag
Hepliaklqana
Kikubaaqudgha
Makhleb
Nemelex Xobeh
Qazlal
Ru
Sif Muna
Trog
Uskayaw
Vehumet
Wu Jian
Yredelemnul
Zin
The Shining One

Shops:
D:2 *

Annotations:
D:9 2 transporters, fragbeetle's ghost, novice GnCj

.... #...# .# .
.. #.#..#### #...
......##.....#...
.# ..###
..#...... ## .
#.. #..ยง. .. . #
#.##.### # ###
#.X5## ##D## #@.#
#..# #2## #4# ##.
##. . D#


You could see 2 bone dragons, a green death, a thrashing horror, a hellwing and
a white imp.


Message History

You now have 93 max hp (-3).
You retract your mandibles.
You extend your mandibles.
You can't dig through that.
Unknown command.
You extend your mandibles.
You dig through the rock wall.
You feel drained.
You hear a shout! ๐Ÿ˜Ž HP[-3]
You now have 90 max hp (-3).
You retract your mandibles.
A white imp comes into view.
You barely miss the white imp. The white imp gestures at you.
The puff of frost hits you but does no damage.
The white imp hits you but does no damage.
You hammer the white imp like a gong!!!
You kill the white imp!
That felt strangely unrewarding.
A bone dragon comes into view.
You extend your mandibles.
You dig through the rock wall.
You feel drained.
A large abomination comes into view. ๐Ÿ˜Ž HP[-3]
You now have 87 max hp (-3).
You retract your mandibles.
You beat the large abomination like a drum!!!
You destroy the large abomination!
That felt strangely unrewarding.
You hear a shout!
A white imp comes into view.
The white imp gestures at you.
The puff of frost hits you but does no damage.
A lurking horror comes into view.
Your body is wracked with pain! ๐Ÿ˜ฎ HP[-42]
You take 42 damage, and now have 45/87 hp.
MASSIVE DAMAGE!! (PAUSE) ๐Ÿ˜ฎ HP[+1] ๐Ÿ˜ฎ HP[+1]
Found a gateway leading deeper into the Abyss.
The white imp picks up a beetle and eats it. ๐Ÿ˜ฎ HP[+1]
A large abomination comes into view.
A thrashing horror comes into view.
The thrashing horror moves out of view.
The large abomination hits you!!
* * * LOW HITPOINT WARNING * * *
The thrashing horror roars! ๐Ÿ˜ฑ HP[-30]
You take 30 damage, and now have 18/87 hp.
MASSIVE DAMAGE!! (PAUSE)
You crush the large abomination like a grape!!!
You destroy the large abomination!
That felt strangely unrewarding.
You hear a roar!
You hear a chilling moan.
The thrashing horror completely misses you.
The thrashing horror tramples you but does no damage.
A wraith comes into view.
The thrashing horror roars!
The thrashing horror barely misses you.
The thrashing horror completely misses you.
You fade into invisibility!
The thrashing horror tramples you.
* * * LOW HITPOINT WARNING * * *
You stumble backwards!
The wraith hits you!
* * * LOW HITPOINT WARNING * * *
The wraith drains your vigour!
Your stasis prevents you from being slowed. ๐Ÿ˜ฑ HP[-10]
You take 10 damage, and now have 8/87 hp.
You feel much better.
You block the thrashing horror's attack.
The thrashing horror tramples you but does no damage.
You block the wraith's attack.
A green death comes into view. ๐Ÿ˜จ HP[+14]
You regained 14 hp, and now have 22/87 hp.
You flatten the wraith like a pancake!!!
You destroy the wraith!
That felt strangely unrewarding.
A hellwing comes into view.
The bone dragon bites you!!
* * * LOW HITPOINT WARNING * * *
The bone dragon claws you but does no damage.
The bone dragon tramples you but does no damage.
You block the bone dragon's attack. The bone dragon misses you.
The bone dragon tramples you but does no damage. ๐Ÿ˜ฑ HP[-19]
You take 19 damage, and now have 3/87 hp.
MASSIVE DAMAGE!! (PAUSE)
You flatten the bone dragon like a pancake!!!
A bone dragon comes into view.
The green death gestures at you. The bolt of poison hits you!
You are lethally poisoned!
You die...
Your body crumbles into a pile of gold.

Skill      XL: |  1  2  3  4  5  6  7  8  9 10 11 12 |
---------------+-------------------------------------+-----
Dodging        | 1 2 3 4 5 7 |  7.2
Shields        | 4 |  4.0
Spellcasting   | 1 2 3 4 |  4.6
Evocations     | 1 2 3 4 5 7 8 |  8.6
Armour         | 4 5 6 8 9 |  9.4
Fighting       | 4 5 6 7 9 |  9.4
Maces & Flails | 3 4 5 6 8 |  8.3
Throwing       | 2 3 |  3.1

Action                   |  1- 3 |  4- 6 |  7- 9 | 10-12 || total
-------------------------+-------+-------+-------+-------++-------
Melee: Flail             |    49 |    87 |       |       ||   136
       Mace              |       |    34 |   153 |   292 ||   479
       Maul              |       |       |       |     6 ||     6
Throw: Boomerang         |       |       |     2 |       ||     2
       Dart              |       |       |       |    11 ||    11
 Abil: Dig               |       |       |       |     4 ||     4
Evoke: Wand              |       |     5 |     3 |    16 ||    24
  Use: Scroll            |       |       |       |    16 ||    16
       Potion            |       |       |       |     2 ||     2
 Stab: Paralysed         |       |     3 |     2 |       ||     5
       Distracted        |       |       |       |     4 ||     4
Armor: Scale mail        |    28 |    55 |     3 |       ||    86
       Plate armour      |       |       |    56 |       ||    56
       Acid dragon scale |       |       |     8 |   142 ||   150
Dodge: Dodged            |    18 |    52 |    35 |   194 ||   299
Block: Buckler           |    14 |    26 |    26 |    89 ||   155

Levels and vault maps discovered:
D:1:      dpeg_arrival_rhombus, layout_basic, hellmonk_ecumenical_altar_run_dry
D:2:      layout_rooms, serial_shops, shop_fountains, basic_altar,
          nicolae_figureground_sparkle, uniq_jessica
D:3:      layout_basic, uniq_robin, uniq_ijyb
D:4:      layout_basic, general_overflow_altar, minmay_temple_entry_large_hall,
          serial_glass, glass_columns_a, glass_columns_b, uniq_duvessa
D:5:      layout_gridville, bloody_makhleb, enter_ossuary_5
D:6:      layout_basic
D:7:      layout_basic, mumra_transporter_accident, uniq_maggie
D:8:      layout_cave_pools, nicolae_zen_rock_garden, lemuel_old_faithful
D:9:      layout_rooms, nicolae_wu_jian_immortal_techniques,
          gammafunk_ghost_berserking_beasts, minmay_unpleasant_kobolds
D:10:     minmay_the_grid_octo_tiled_octocenter [minmay_the_grid_octo_clover,
          minmay_the_grid_octo_toaster, minmay_the_grid_octo_teeth,
          minmay_the_grid_octo_fat_diamond,
          minmay_the_grid_octo_prize_single_spiral,
          minmay_the_grid_square_5x5_comb, minmay_the_grid_square_5x5_spiral,
          minmay_the_grid_square_5x5_tie, minmay_the_grid_square_5x5_inner_i],
          layout_basic, nicolae_uskayaw_en_pointe,
          hellmonk_guarded_unrand_dark_maul
Temple:   mainiacjoe_temple_coin_purse
Abyss:2:  base: D:4, hangedman_classic_abyss_death

Notes
Turn   | Place    | Note
-------+----------+-------------------------------------------
     0 | D:1      | mcwallace the Formicid Fighter began the quest for the Orb.
     0 | D:1      | Reached XP level 1. HP: 18/18 MP: 1/1
     0 | D:1      | magus.rc [v1.9.6]
   390 | D:1      | Found a faded altar of an unknown god.
   420 | D:1      | Reached XP level 2. HP: 23/24 MP: 2/2
   742 | D:2      | Reached XP level 3. HP: 14/29 MP: 2/4
   970 | D:2      | Noticed Jessica
   977 | D:2      | Killed Jessica
   978 | D:2      | Reached skill level 1 in Dodging
   978 | D:2      | Reached skill level 4 in Shields
   978 | D:2      | Reached skill level 1 in Spellcasting
   978 | D:2      | Reached XP level 4. HP: 32/37 MP: 1/5
  1044 | D:2      | Found Usau's General Store.
  1052 | D:2      | Found a broken altar of Ashenzari.
  1605 | D:3      | Noticed Ijyb
  1616 | D:3      | Killed Ijyb
  1837 | D:3      | You pick up a book of Scorching and begin reading...
  1837 | D:3      | You add the spells Scorch, Flame Wave and Summon Cactus
                  | Giant to your library.
  1927 | D:3      | Noticed Robin
  1954 | D:3      | Reached XP level 5. HP: 37/42 MP: 7/7
  1975 | D:3      | Killed Robin
  1976 | D:3      | Reached skill level 1 in Evocations
  2241 | D:3      | Reached skill level 4 in Armour
  2241 | D:3      | Identified the +7 mace "Hydrabane" {distort, Dex+2}
  2546 | D:4      | Reached skill level 4 in Fighting
  2546 | D:4      | Reached XP level 6. HP: 47/48 MP: 8/8
  2550 | D:4      | Noticed Duvessa
  2558 | D:4      | Noticed Dowan
  2566 | D:4      | Killed Duvessa
  2567 | D:4      | Reached skill level 3 in Maces & Flails
  2567 | D:4      | Reached skill level 2 in Dodging
  2567 | D:4      | Reached skill level 2 in Spellcasting
  2567 | D:4      | Reached skill level 2 in Evocations
  2569 | D:4      | HP: 11/48 [poisoned by Dowan]
  2574 | D:4      | HP: 5/48 [poisoned by Dowan]
  2582 | D:4      | Killed Dowan
  2909 | D:4      | Found a staircase to the Ecumenical Temple.
  2926 | Temple   | Entered the Ecumenical Temple
  3038 | Temple   | Became a worshipper of Gozag Ym Sagoz the Greedy
  3230 | D:4      | You add the spells Gell's Gravitas, Teleport Other and
                  | Dispersal to your library.
  3269 | D:4      | Found a glowing golden altar of the Shining One.
  3299 | D:4      | You pick up a book of Burglary and begin reading...
  3299 | D:4      | You add the spells Passwall and Ensorcelled Hibernation to
                  | your library.
  3531 | D:5      | Entered Level 5 of the Dungeon
  3548 | D:5      | Reached XP level 7. HP: 55/55 MP: 10/10
  3709 | D:5      | Found a sand-covered staircase.
  3714 | Ossuary  | Entered an ossuary
  4272 | D:5      | Reached skill level 5 in Armour
  4272 | D:5      | Reached skill level 3 in Spellcasting
  4272 | D:5      | Reached skill level 3 in Evocations
  4272 | D:5      | Reached XP level 8. HP: 59/61 MP: 12/12
  4397 | D:5      | Reached skill level 5 in Fighting
  4491 | D:5      | Found a burning altar of Makhleb.
  4671 | D:5      | Noticed a yak
  4671 | D:5      | Noticed a yak
  4701 | D:5      | Banished a yak
  4702 | D:5      | Reached skill level 4 in Maces & Flails
  4702 | D:5      | Reached skill level 3 in Dodging
  4703 | D:5      | Killed a yak
  4715 | D:5      | Noticed a yak
  4718 | D:5      | Noticed a yak
  4718 | D:5      | Noticed a yak
  4719 | D:5      | Noticed a yak
  4726 | D:5      | Killed a yak
  4727 | D:5      | Reached skill level 4 in Evocations
  4742 | D:5      | HP: 9/63 [yak (10)]
  4743 | D:5      | Killed a yak
  4744 | D:5      | Reached skill level 4 in Spellcasting
  4744 | D:5      | Reached XP level 9. HP: 10/68 MP: 13/15
  4810 | D:5      | HP: 11/68 [yak (13)]
  4872 | D:5      | HP: 14/68 [yak (10)]
  5011 | D:5      | HP: 11/68 [yak (12)]
  5029 | D:5      | HP: 14/68 [yak (1)]
  5292 | D:5      | Reached skill level 6 in Armour
  5499 | D:5      | Reached skill level 5 in Maces & Flails
  5499 | D:5      | Reached skill level 4 in Dodging
  5508 | D:5      | Reached skill level 6 in Fighting
  5915 | D:6      | Identified the +0 cloak of the Skies Above {+Blink MP-9
                  | Int+9 SInv}
  6249 | D:6      | You pick up a book of the Senses and begin reading...
  6249 | D:6      | You add the spells Dazzling Flash, Agony and Silence to
                  | your library.
  6693 | D:7      | Noticed Maggie
  6712 | D:7      | Killed Maggie
  6713 | D:7      | Reached skill level 5 in Evocations
  7488 | D:8      | Reached XP level 10. HP: 77/77 MP: 17/17
  7501 | D:8      | Noticed an unseen horror
  7504 | D:8      | Killed an unseen horror
  7505 | D:8      | Reached skill level 7 in Armour
  7635 | D:8      | Reached skill level 5 in Dodging
  7663 | D:8      | Reached skill level 6 in Maces & Flails
  7665 | D:8      | Reached skill level 7 in Fighting
  7807 | D:7      | Reached skill level 6 in Evocations
  7968 | D:8      | Noticed a two-headed ogre
  7979 | D:8      | Banished a two-headed ogre
  8243 | D:8      | Reached skill level 8 in Armour
  8512 | D:8      | Reached skill level 7 in Evocations
  8512 | D:8      | Reached XP level 11. HP: 86/86 MP: 18/18
  8849 | D:9      | Noticed a manticore
  8858 | D:9      | Killed a manticore
  8859 | D:9      | Reached skill level 8 in Fighting
  8859 | D:9      | Reached skill level 7 in Maces & Flails
  8859 | D:9      | Reached skill level 6 in Dodging
  9409 | D:9      | Found a transporter.
  9417 | D:9      | Noticed a moth of wrath
  9438 | D:9      | Found a transporter.
  9470 | D:9      | Found an ornate altar of the Wu Jian Council.
  9636 | D:9      | Noticed fragbeetle's ghost (novice GnCj)
 10166 | D:10     | Entered Level 10 of the Dungeon
 10166 | D:10     | Noticed a +0 short sword
 10166 | D:10     | Noticed a +0 dagger
 10166 | D:10     | Noticed a +0 dagger
 10166 | D:10     | Noticed a +0 spear
 10166 | D:10     | Noticed a +0 falchion
 10166 | D:10     | Noticed a +0 falchion
 10166 | D:10     | Noticed a +0 short sword
 10166 | D:10     | Noticed a +0 spear
 10166 | D:10     | Found a hide-covered altar of Uskayaw.
 10255 | D:10     | Noticed a red ugly thing
 10267 | D:10     | Killed a red ugly thing
 10519 | D:10     | Noticed a two-headed ogre
 10928 | D:10     | Killed a two-headed ogre
 10929 | D:10     | Reached skill level 1 in Throwing
 10929 | D:10     | Reached skill level 8 in Evocations
 11139 | D:10     | Reached skill level 9 in Armour
 11224 | D:10     | Noticed a two-headed ogre
 11263 | D:10     | Killed a two-headed ogre
 11264 | D:10     | Reached skill level 2 in Throwing
 11335 | D:10     | Reached skill level 9 in Fighting
 11430 | D:10     | Reached skill level 8 in Maces & Flails
 11440 | D:10     | Noticed a two-headed ogre
 11448 | D:10     | Banished a two-headed ogre
 11449 | D:10     | Reached skill level 7 in Dodging
 11509 | D:10     | Noticed a centaur warrior
 11513 | D:10     | Killed a centaur warrior
 11514 | D:10     | Reached XP level 12. HP: 50/95 MP: 19/19
 11904 | D:10     | Found the +13 scythe of Curses {drain, Drain}
 12156 | D:10     | Noticed a two-headed ogre
 12156 | D:10     | a two-headed ogre comes into view. It is wielding the +10
                  | dark maul {vorpal} and a +0 giant club.
 12158 | D:10     | Aim: a two-headed ogre, wielding the +10 dark maul {vorpal}
                  | and a +0 giant club (88% to hit)
 12158 | D:10     | Aim: a two-headed ogre, wielding the +10 dark maul {vorpal}
                  | and a +0 giant club (88% to hit)
 12158 | D:10     | Aim: a two-headed ogre, wielding the +10 dark maul {vorpal}
                  | and a +0 giant club (88% to hit)
 12159 | D:10     | Aim: a two-headed ogre, wielding the +10 dark maul {vorpal}
                  | and a +0 giant club (moderately wounded, covered in acid,
                  | chance to affect: 76%)
 12159 | D:10     | Aim: a two-headed ogre, wielding the +10 dark maul {vorpal}
                  | and a +0 giant club (moderately wounded, covered in acid,
                  | chance to affect: 76%)
 12159 | D:10     | Aim: a two-headed ogre, wielding the +10 dark maul {vorpal}
                  | and a +0 giant club (moderately wounded, covered in acid,
                  | chance to affect: 76%)
 12160 | D:10     | Aim: a two-headed ogre, wielding the +10 dark maul {vorpal}
                  | and a +0 giant club (severely wounded, covered in acid,
                  | chance to affect: 76%)
 12160 | D:10     | Aim: a two-headed ogre, wielding the +10 dark maul {vorpal}
                  | and a +0 giant club (severely wounded, covered in acid,
                  | chance to affect: 76%)
 12160 | D:10     | Aim: a two-headed ogre, wielding the +10 dark maul {vorpal}
                  | and a +0 giant club (severely wounded, covered in acid,
                  | chance to affect: 76%)
 12160 | D:10     | Killed a two-headed ogre
 12161 | D:10     | Reached skill level 3 in Throwing
 12175 | D:10     | You are cast into the Abyss!
 12175 | D:10     | Cast into level 2 of the Abyss (unwielding a weapon of
                  | distortion)
 12183 | Abyss:2  | Noticed a tentacled starspawn
 12216 | Abyss:2  | Noticed a bone dragon
 12247 | Abyss:2  | Noticed a thrashing horror
 12249 | Abyss:2  | HP: 18/87 [large abomination (31)]
 12252 | Abyss:2  | HP: 8/87 [wraith (10)]
 12253 | Abyss:2  | Noticed a green death
 12254 | Abyss:2  | HP: 3/87 [bone dragon (20)]
 12255 | Abyss:2  | Noticed a bone dragon
 12255 | Abyss:2  | Killed from afar by a green death

Vanquished Creatures
  A centaur warrior (D:10)
  3 two-headed ogres (D:10)
  An ugly thing (D:10)
  A manticore (D:9)
  Maggie (D:7)
  An unseen horror (D:8)
  2 hornets (D:10)
  2 shadows (D:10)
  A wraith (Abyss:2)
  A wyvern (D:10)
  9 yaks
  2 steam dragons
  A vampire mosquito (D:10)
  2 acid dragons (D:10)
  2 large abominations (Abyss:2)
  Duvessa (D:4)
  A water moccasin (D:8)
  A black bear (D:6)
  A sky beast (D:7)
  An ice beast (D:8)
  7 orc warriors
  2 ogres (D:5)
  4 centaurs
  6 kobold brigands
  3 bullfrogs
  A necrophage (D:4)
  6 wights
  Dowan (D:4)
  6 killer bees (D:9)
  3 howler monkeys
  4 hounds
  3 orc priests
  Jessica (D:2)
  Ijyb (D:3)
  An iguana (D:6)
  9 orc wizards
  A centaur simulacrum (D:10)
  7 mummies (Ossuary)
  Robin (D:3)
  4 adders
  2 white imps
  A worm (D:2)
  A dart slug (D:5)
  25 orcs
  2 endoplasms
  4 giant cockroaches
  8 goblins
  4 hobgoblins (D:3)
  16 kobolds
  2 quokkas
  9 ball pythons
  3 frilled lizards
  2 gnoll zombies (Ossuary)
  A hobgoblin zombie (Ossuary)
  3 kobold zombies (Ossuary)
  2 orc zombies (Ossuary)
  4 rats
195 creatures vanquished.

Vanquished Creatures (others)
  A lurking horror (Abyss:2)
  4 starspawn tentacles (Abyss:2)
5 creatures vanquished.

Grand Total: 200 creatures vanquished

Table legend:
 A = Non-vault XP
 B = Vault XP
 C = Vault XP percentage of total XP
 D = Non-vault monster count
 E = Vault monster count
 F = Vault count percentage of total count
                 A         B        C        D         E       F
            +---------+---------+-------+---------+---------+-------
      Total |   10064 |    7949 |  44.1 |     148 |      64 |  30.2
            +---------+---------+-------+---------+---------+-------
        D:1 |      11 |       0 |   0.0 |       8 |       0 |   0.0
        D:2 |      39 |      37 |  48.7 |      17 |       1 |   5.6
        D:3 |      30 |      66 |  68.8 |      10 |      10 |  50.0
        D:4 |     105 |     208 |  66.5 |       8 |       2 |  20.0
        D:5 |    2007 |       0 |   0.0 |      22 |       0 |   0.0
        D:6 |     422 |       0 |   0.0 |      13 |       0 |   0.0
        D:7 |     765 |     389 |  33.7 |       8 |       1 |  11.1
        D:8 |    3529 |       0 |   0.0 |      21 |       0 |   0.0
        D:9 |    1539 |     204 |  11.7 |      25 |       6 |  19.4
       D:10 |    1617 |    6891 |  81.0 |      12 |      28 |  70.0
    Abyss:2 |       0 |       0 |   N/A |       4 |       0 |   0.0
    Ossuary |       0 |     154 | 100.0 |       0 |      16 | 100.0
            +---------+---------+-------+---------+---------+-------

Illustrated notes

Table legend:
 A = Kills in this place as a percentage of kills in entire the game.
 B = Kills by you in this place as a percentage of kills by you in the entire game.
 C = Kills by friends in this place as a percentage of kills by friends in the entire game.
 D = Other kills in this place as a percentage of other kills in the entire game.
 E = Experience gained in this place as a percentage of experience gained in the entire game.
 F = Experience gained in this place divided by the number of levels of this place that you have seen.
                   A       B       C       D       E      F
               +-------+-------+-------+-------+-------+----------------------
         Total | 100.0 | 100.0 |   N/A | 100.0 | 100.0 | 1385.6
       Dungeon |  90.6 |  90.3 |   N/A |  94.1 |  99.1 | 1785.9
         Abyss |   1.9 |   2.1 |   N/A |   0.0 |   0.0 |   0.0
       Ossuary |   7.5 |   7.7 |   N/A |   5.9 |   0.9 | 154.0
               +-------+-------+-------+-------+-------+----------------------

Table legend: (Time is in decaauts)
 A = Elapsed time spent in this place.
 B = Non-inter-level travel time spent in this place.
 C = Inter-level travel time spent in this place.
 D = Time resting spent in this place.
 E = Time spent auto-exploring this place.
 F = Levels seen in this place.
 G = Mean time per level.
                   A        B        C        D        E       F      G
               +--------+--------+--------+--------+--------+-----+--------+
         Total |  12370 |  11880 |    490 |   1401 |   7504 |  13 |  951.5 |
       Dungeon |  11661 |  11179 |    482 |   1401 |   7018 |  10 | 1166.1 |
        Temple |    121 |    113 |      8 |      0 |     95 |   1 |  121.0 |
         Abyss |     87 |     87 |      0 |      0 |      0 |   1 |   87.0 |
       Ossuary |    500 |    500 |      0 |      0 |    391 |   1 |  500.0 |
               +--------+--------+--------+--------+--------+-----+--------+

Top non-repeatable levels by time:
    D:10: 1885 daAuts
     D:5: 1720 daAuts
     D:8: 1425 daAuts
     D:9: 1343 daAuts
     D:4: 1001 daAuts
     D:3: 988 daAuts
     D:2: 937 daAuts
     D:7: 900 daAuts
     D:6: 799 daAuts
     D:1: 660 daAuts
 Ossuary: 500 daAuts
  Temple: 121 daAuts
 Abyss:2: 87 daAuts
